 Dungeon Crawl Stone Soup version 0.23-a0-108-gf7ee2ed (webtiles) character file.

55 Amnesiac the Gusty (level 3, -9/24 HPs)
             Began as a Mummy Air Elementalist on Aug 21, 2018.
             Mangled by Menkaure (14 damage)
             ... on level 4 of the Dungeon.
             The game lasted 00:02:09 (568 turns).

Amnesiac the Gusty (Mummy Air Elementalist)          Turns: 568, Time: 00:02:10

Health: -9/24      AC:  3    Str: 11    XL:     3   Next: 67%
Magic:  1/8        EV: 12    Int: 15    God:
Gold:   35         SH:  0    Dex: 12    Spells: 6/9 levels left

rFire    x . .     SeeInvis .   (no weapon)
rCold    + . .     Gourm    .   (no shield)
rNeg     + + +     Faith    .   a - +0 robe
rPois    ∞         Spirit   .   e - +0 helmet
rElec    .         Reflect  .   (no cloak)
rCorr    .         Harm     .   (no gloves)
MR       .....                  (no boots)
Stlth    ++........             (no amulet)
HPRegen  0.08/turn              (no ring)
MPRegen  0.11/turn              (no ring)

@: no status effects
A: no food or potions, fire vulnerability, cold resistance 1, negative energy
resistance 3, torment resistance, unbreathing
a: no special abilities


You were on level 4 of the Dungeon.
You were not hungry.

You visited 1 branch of the dungeon, and saw 4 of its levels.

You collected 35 gold pieces.

Inventory:

Hand Weapons
 b - a +0 hunting sling
Armour
 a - a +0 robe (worn)
 e - a +0 helmet (worn)
Scrolls
 c - 2 scrolls of identify {!r, unknown}
 d - 2 scrolls of teleportation {!r, unknown}
 f - a scroll of noise {!r, unknown}


   Skills:
 - Level 1.5 Dodging
 - Level 1.5 Stealth
 + Level 3.5 Spellcasting
 - Level 0.7 Conjurations
 * Level 3.5 Air Magic


You had 6 spell levels left.
You knew the following spells:

 Your Spells              Type           Power        Failure   Level  Hunger
a - Shock                 Conj/Air       #...         8%          1    N/A
z - Swiftness             Chrm/Air       #.......     14%         2    N/A

Your spell library contained the following spells:

 Spells                   Type           Power        Failure   Level  Hunger
 Static Discharge         Conj/Air       #.......     24%         3    N/A
 Airstrike                Air            ##........   41%         4    N/A
 Lightning Bolt           Conj/Air       #.........   91%         5    N/A

Dungeon Overview and Level Annotations

Branches:
Dungeon (4/15)
 Temple: D:4-7

Altars:

Annotations:
D:3 Sigmund
D:4 Menkaure


Innate Abilities, Weirdness & Mutations

You do not eat or drink.
Your flesh is vulnerable to fire.
You are immune to poison.
Your flesh is cold resistant. (rC+)
You are immune to negative energy. (rN+++)
You are immune to unholy pain and torment.
You can survive without breathing.


Message History

The jackal closely misses you.
Unknown command.
Menkaure gestures wildly while chanting.
Menkaure seems to speed up.
The jackal bites you.
* * * LOW HITPOINT WARNING * * *
The jackal closely misses you. The jackal misses you.
The jackal closely misses you.
Menkaure whispers, "Let me perform the rites..."
The jackal closely misses you. The jackal completely misses you.
Casting: Shock (safe; 9% risk of failure)
Confirm with . or Enter, or press ? or * to list all spells.
Aiming: Shock (safe; 9% risk of failure)
Press: ? - help, Shift-Dir - straight line, f - jackal
Aim: a jackal (heavily wounded)
The zap misses the jackal.
The zap hits the jackal.
The jackal is severely wounded.
The zap hits Menkaure.
Menkaure is lightly damaged.
The jackal closely misses you. The jackal bites you.
* * * LOW HITPOINT WARNING * * *
The jackal stops to sniff the ground.
Unknown command.
Menkaure murmurs a few words.
The jackal bites you.
* * * LOW HITPOINT WARNING * * *
Casting: Shock (safe; 9% risk of failure)
Confirm with . or Enter, or press ? or * to list all spells.
Aiming: Shock (safe; 9% risk of failure)
Press: ? - help, Shift-Dir - straight line, p - jackal
Okay, then.
The jackal misses you.
You see here a jackal corpse.
The jackal bites you.
* * * LOW HITPOINT WARNING * * *
Casting: Shock (safe; 9% risk of failure)
Confirm with . or Enter, or press ? or * to list all spells.
Aiming: Shock (safe; 9% risk of failure)
Press: ? - help, Shift-Dir - straight line, p - jackal The zap hits the jackal.
The jackal is almost dead.
The zap hits Menkaure.
Menkaure is moderately damaged.
The zap hits Menkaure.
Menkaure is moderately damaged.
The jackal bites you.
* * * LOW HITPOINT WARNING * * *
The jackal bites you.
* * * LOW HITPOINT WARNING * * *
Unknown command.
The jackal bites you.
* * * LOW HITPOINT WARNING * * *
Casting: Shock (safe; 9% risk of failure)
Confirm with . or Enter, or press ? or * to list all spells.
Aiming: Shock (safe; 9% risk of failure)
Press: ? - help, Shift-Dir - straight line The zap hits the jackal.
You kill the jackal!
The zap hits the jackal.
You kill the jackal!
Unknown command.
Menkaure hits you!
Ouch! That really hurt!
You die...

.. ##. ######### .. .#.
#.......# . ##. ...
#.......# ..# #..##.?.
#.......## #...##.##..##
#........# #.........h
####.###@#########..#####
#.# #.M..........#
.#####†##########.....# .
..........†...........####.#
...####.####......#.#[......
#.# #####........#### #..
#.........# ##.
#.......#.... .
##.......#####


You could see Menkaure.

Vanquished Creatures
  4 adders
  A leopard gecko (D:4)
  An orc (D:4)
  A giant cockroach (D:2)
  2 hobgoblins (D:2)
  4 jackals (D:4)
  2 kobolds (D:2)
15 creatures vanquished.

Notes
Turn   | Place    | Note
-------+----------+-------------------------------------------
     0 | D:1      | Amnesiac the Mummy Air Elementalist began the quest for the Orb.
     0 | D:1      | Reached XP level 1. HP: 13/13 MP: 4/4
   108 | D:2      | Reached XP level 2. HP: 19/19 MP: 0/5
   147 | D:2      | Learned a level 2 spell: Swiftness
   274 | D:2      | Reached XP level 3. HP: 21/24 MP: 1/7
   459 | D:3      | Noticed Sigmund
   512 | D:4      | Noticed Menkaure
   568 | D:4      | Mangled by Menkaure

Vault maps used:
D:1:      lemuel_arrival_rhombus
D:2:      wad_pebble_path, nicolae_ru_the_path_less_chosen
D:3:      overflow_temple_1_default, grunt_temple_overflow_open,
          okawaru_altar_gauntlet_db, uniq_sigmund
D:4:      uniq_menkaure

Skill      XL: |  1  2 |
---------------+-------+-----
Air Magic      | 3 |  3.5
Spellcasting   | 3 |  3.5
Dodging        | |  1.5
Stealth        | |  1.5
Conjurations   | |  0.7

Action                   || total
-------------------------++-------
Melee: Unarmed           ||     1
 Cast: Shock             ||    38
Armor: Robe              ||     5
Dodge: Dodged            ||    22

Table legend:
 A = Non-vault XP
 B = Vault XP
 C = Vault XP percentage of total XP
 D = Non-vault monster count
 E = Vault monster count
 F = Vault count percentage of total count
                 A         B        C        D         E       F
            +---------+---------+-------+---------+---------+-------
      Total |      79 |       0 |   0.0 |      15 |       0 |   0.0
            +---------+---------+-------+---------+---------+-------
        D:2 |      51 |       0 |   0.0 |       8 |       0 |   0.0
        D:3 |      14 |       0 |   0.0 |       1 |       0 |   0.0
        D:4 |      14 |       0 |   0.0 |       6 |       0 |   0.0
            +---------+---------+-------+---------+---------+-------
